 Dungeon Crawl Stone Soup version 0.28.0-45-g0d030f2227 (webtiles) character file.

Game seed: 10493076277535426875

3329 McKennaii the Destroyer (level 9, -10/57 HPs)
             Began as a Demonspawn Conjurer on Apr 8, 2022.
             Was a Priest of Sif Muna.
             Mangled by a cyclops (16 damage)
             ... on level 6 of the Dungeon.
             The game lasted 00:11:40 (8912 turns).

McKennaii the Destroyer (Demonspawn Conjurer)       Turns: 8912, Time: 00:11:40

Health: -10/57     AC: 13    Str:  9    XL:     9   Next: 71%
Magic:  0/21       EV: 12    Int: 23    God:    Sif Muna [***...]
Gold:   346        SH:  4    Dex: 11    Spells: 17/24 levels left

rFire   . . .      SeeInvis .   G - +4 dagger
rCold   . . .      Faith    .   (no shield)
rNeg    . . .      Spirit   +   a - +0 robe
rPois   .          Reflect  .   (no helmet)
rElec   .          Harm     .   j - +0 cloak
rCorr   .          Rampage  .   (no gloves)
Will    .....                   y - +0 pair of boots
Stlth   ++........              (no amulet)
HPRegen 0.19/turn               (no ring)
MPRegen 0.34/turn               (no ring)

@: sanguine armoured
A: claws 1, magic shield, magic regeneration, sanguine armour 2, condensation
shield
a: Renounce Religion, Channel Magic, Forget Spell


You were on level 6 of the Dungeon.
You worshipped Sif Muna.
Sif Muna was most pleased with you.
You visited 1 branch of the dungeon, and saw 6 of its levels.
You also visited: Sewer.

You collected 346 gold pieces.

Inventory:

Hand Weapons
 G - a +4 dagger (weapon)
Armour
 a - a +0 robe (worn)
 j - a +0 cloak (worn)
 o - a +0 scale mail
 y - a +0 pair of boots (worn)
Jewellery
 g - the amulet of the Air {Inacc Air Fly rElec RMsl}
   (You found it on level 2 of the Dungeon)

   [amulet of nothing]

   It reduces the accuracy of all your attacks.
   It enhances your air magic.
   rElec:     It insulates you from electricity.
   Fly:       It grants you flight.
   RMsl:      It protects you from missiles.
 m - a +4 ring of evasion
 w - a ring of protection from fire
 D - a ring of resist corrosion
Wands
 l - a wand of iceblast (1)
 q - a wand of polymorph (2)
 v - a wand of acid (7)
Scrolls
 e - 3 scrolls of fear {unknown}
 f - 5 scrolls of teleportation {unknown}
 h - 5 scrolls of identify {unknown}
 i - a scroll of brand weapon {unknown}
 n - 2 scrolls of enchant armour {unknown}
 p - a scroll of blinking {unknown}
 s - a scroll of immolation {unknown}
 t - 2 scrolls of noise {unknown}
 u - 2 scrolls of enchant weapon {unknown}
 x - a scroll of silence {unknown}
 B - a scroll of vulnerability {unknown}
 E - a scroll of fog {unknown}
Potions
 b - 2 potions of might {unknown}
 c - 2 potions of resistance {unknown}
 d - a potion of haste
 k - a potion of lignification {unknown}
 r - a potion of curing {unknown}
 z - 2 potions of heal wounds {unknown}
 A - 2 potions of invisibility
 C - 2 potions of brilliance {unknown}
 F - a potion of attraction {unknown}


   Skills:
 - Level 2.0 Dodging
 - Level 2.0 Stealth
 + Level 8.1 Spellcasting
 + Level 11.5 Conjurations


You had 17 spell levels left.
You knew the following spells:

 Your Spells              Type           Power      Damage    Failure   Level
a - Magic Dart            Conj           100%       1d8       1%          1
b - Searing Ray           Conj           100%       2d8       1%          2
c - Iskenderun's Mystic   Conj/Tloc      35%        2d8       6%          4

Your spell library contained the following spells:

 Spells                   Type           Power      Damage    Failure   Level
 Dazzling Flash           Conj/Hex       70%        N/A       1%          3
 Stone Arrow              Conj/Erth      70%        3d11      1%          3
 Fulminant Prism          Conj/Hex       17%        3d11      6%          4
 Animate Armour           Summ/Erth      18%        N/A       56%         4
 Lehudib's Crystal Spear  Conj/Erth      17%        10d5      100%        8


Dungeon Overview and Level Annotations

Branches:
Dungeon (6/15)             Temple (0/1) D:4           Sewer (visited)

Altars:
Ashenzari
Cheibriados
Kikubaaqudgha
Ru
Sif Muna
Uskayaw
The Shining One


Innate Abilities, Weirdness & Mutations

You have sharp fingernails.
When hurt, damage is shared between your health and your magic reserves.
You regenerate magic rapidly.
When seriously injured, your blood forms thick armour. (AC +9)
A meltable shield of frost defends you. (SH +4)


Message History

The cyclops barely misses you.
Unknown command.
Casting: Searing Ray (safe; 1% risk of failure)
Confirm with . or Enter, or press ? or * to list all spells.
Aiming: Searing Ray (safe; 1% risk of failure)
Press: ? - help, Shift-Dir - straight line, f - cyclops
Aim: a cyclops, quivering large rocks (heavily wounded, 98% to hit)
The searing ray hits the cyclops but does no damage.
The cyclops is heavily wounded. (Press . to maintain the ray.)
The cyclops barely misses you.
The searing ray misses the cyclops.
Unknown command.
The searing ray hits the cyclops.
The cyclops is heavily wounded.
The cyclops hits you!
Unknown command.
The searing ray hits the cyclops!
The cyclops is severely wounded.
You finish channelling your searing ray.
The cyclops closely misses you.
Unknown command.
Casting: Searing Ray (safe; 1% risk of failure)
Confirm with . or Enter, or press ? or * to list all spells.
Aiming: Searing Ray (safe; 1% risk of failure)
Press: ? - help, Shift-Dir - straight line, f/p - cyclops
Aim: a cyclops, quivering large rocks (severely wounded, 98% to hit)
The searing ray hits the cyclops but does no damage.
The cyclops is severely wounded. (Press . to maintain the ray.) Unknown command.
The searing ray hits the cyclops.
The cyclops is severely wounded.
The cyclops hits you!
* * * LOW HITPOINT WARNING * * *
Unknown command.
You hit the cyclops.
The cyclops is almost dead.
The cyclops hits you!
You die...

.. ..############
#'#....C.).... #.#...@#
#.#..).# #.###)##
#......# #.)....#
#)#####################
#)#...........#....#...
#))...)....)).'....'...
###'#...........#)...#...


You could see a cyclops.

Vanquished Creatures
  Grinder (D:4)
  Sigmund (D:4)
  Edmund (D:3)
  Pargi (D:4)
  2 orc warriors (D:6)
  2 ice beasts
  A black bear (D:5)
  9 ogres
  3 necrophages
  3 kobold brigands
  A bullfrog (D:6)
  A scorpion (D:6)
  A water moccasin skeleton (D:5)
  2 howler monkeys
  4 hounds
  4 orc priests
  A centaur skeleton (D:5)
  3 gnoll shamans (D:6)
  5 orc wizards
  2 hound skeletons
  A howler monkey skeleton (D:6)
  15 adders
  3 gnolls (D:6)
  2 white imps (D:6)
  6 worms
  6 dart slugs
  27 orcs
  10 ball pythons
  6 bats
  11 endoplasms
  5 giant cockroaches
  3 goblins
  8 hobgoblins
  3 jackals (D:1)
  4 quokkas
  A frilled lizard (D:1)
  11 kobolds
  10 rats
180 creatures vanquished.

Notes
Turn   | Place    | Note
-------+----------+-------------------------------------------
     0 | D:1      | McKennaii the Demonspawn Conjurer began the quest for the
                  | Orb.
     0 | D:1      | Reached XP level 1. HP: 13/13 MP: 3/3
   438 | D:1      | Gained mutation: When seriously injured, your blood forms
                  | armour. (AC +9) [demonic ancestry]
   438 | D:1      | Reached XP level 2. HP: 19/19 MP: 1/5
   495 | D:1      | Found a faded altar of an unknown god.
  1309 | D:2      | Reached XP level 3. HP: 14/24 MP: 0/6
  2211 | D:2      | Learned a level 2 spell: Searing Ray
  2452 | D:2      | Found the amulet of the Air {Inacc Air Fly rElec RMsl}
  2533 | D:2      | Found a shimmering blue altar of Sif Muna.
  2718 | D:2      | Gained mutation: You have sharp fingernails. [demonic
                  | ancestry]
  2718 | D:2      | Reached XP level 4. HP: 30/30 MP: 3/8
  3090 | D:2      | Became a worshipper of Sif Muna the Loreminder
  3134 | D:3      | Reached skill level 5 in Conjurations
  3860 | D:3      | Reached XP level 5. HP: 35/35 MP: 7/10
  4184 | D:4      | Found an ancient bone altar of Kikubaaqudgha.
  4190 | D:4      | Noticed a necrophage
  4251 | D:3      | Killed a necrophage
  4251 | D:3      | Reached * piety under Sif Muna
  4392 | D:4      | Noticed Edmund
  4465 | D:3      | Killed Edmund
  4466 | D:3      | Reached skill level 6 in Conjurations
  4466 | D:3      | Gained mutation: You regenerate magic rapidly. [demonic
                  | ancestry]
  4466 | D:3      | Reached XP level 6. HP: 4/41 MP: 1/12
  4783 | D:4      | Noticed Pargi
  4925 | D:4      | Found a broken altar of Ashenzari.
  4927 | D:4      | Noticed Sigmund
  4965 | D:4      | Killed Sigmund
  4966 | D:4      | Reached skill level 5 in Spellcasting
  4966 | D:4      | Gained mutation: When seriously injured, your blood forms
                  | thick armour. (AC +9) [demonic ancestry]
  4966 | D:4      | Reached XP level 7. HP: 19/46 MP: 9/14
  5148 | D:4      | Noticed Grinder
  5154 | D:4      | Paralysed by Grinder for 2 turns
  5230 | D:4      | Killed Pargi
  5231 | D:4      | Reached skill level 7 in Conjurations
  5327 | D:3      | Learned a level 4 spell: Iskenderun's Mystic Blast
  5542 | D:4      | Found a staircase to the Ecumenical Temple.
  5640 | D:4      | Paralysed by Grinder for 2 turns
  5651 | D:4      | Killed Grinder
  5652 | D:4      | Reached skill level 8 in Conjurations
  5652 | D:4      | Gained mutation: A meltable shield of frost defends you.
                  | (SH +4) [demonic ancestry]
  5652 | D:4      | Reached XP level 8. HP: 37/52 MP: 5/17
  5913 | D:5      | Entered Level 5 of the Dungeon
  6083 | D:5      | Found a glowing drain.
  6090 | Sewer    | Entered a sewer
  6092 | Sewer    | Reached ** piety under Sif Muna
  6315 | Sewer    | Reached skill level 9 in Conjurations
  7166 | D:5      | Found a hide-covered altar of Uskayaw.
  7285 | D:5      | Identified the +5 great sword of Xeoth {holy, Int+3 Dex+2}
  7296 | D:5      | Identified the +1 robe "Oddaz" {rPois rC+ Str+2 Int-3}
  7593 | D:6      | Found a snail-covered altar of Cheibriados.
  7675 | D:6      | Reached skill level 10 in Conjurations
  7891 | D:6      | Gained mutation: When hurt, damage is shared between your
                  | health and your magic reserves. [demonic ancestry]
  7891 | D:6      | Reached XP level 9. HP: 21/57 MP: 7/18
  8137 | D:6      | Found a sacrificial altar of Ru.
  8218 | D:6      | Reached *** piety under Sif Muna
  8422 | D:6      | Reached skill level 11 in Conjurations
  8900 | D:6      | Noticed a cyclops
  8912 | D:6      | Mangled by a cyclops

Illustrated notes

Levels and vault maps discovered:
D:1:      lemuel_arrival_river_ford, layout_rooms, ebering_ecumenical_altar_box,
          minmay_tetromino_l2
D:2:      cheibrodos_pilgrimage, layout_basic, basic_altar,
          minmay_misc_feat_plants
D:3:      layout_basic
D:4:      layout_rooms, lemuel_crystal_altar, overflow_temple_1_default,
          minmay_temple_entry_drinking_statues, uniq_edmund, uniq_grinder,
          uniq_pargi, uniq_sigmund
D:5:      cheibrodos_quashed, layout_basic, tso_altar, kennysheep_mini_moat,
          lightli_sewer_entry_pipes
D:6:      lemuel_castle_with_subvaults [lemuel_castle_interior_carwin_1],
          layout_rooms, kennysheep_slug_shrine, nicolae_ru_path_of_blood,
          serial_glass, glass_columns_c, glass_columns_c

Skill      XL: |  1  2  3  4  5  6  7  8  9 |
---------------+----------------------------+-----
Dodging        | 2 |  2.0
Stealth        | 2 |  2.0
Spellcasting   | 3 4 5 6 8 |  8.1
Conjurations   | 5 6 8 10 11 | 11.5

Action                   |  1- 3 |  4- 6 |  7- 9 || total
-------------------------+-------+-------+-------++-------
Melee: Unarmed           |    68 |     2 |       ||    70
       Punch             |     1 |       |       ||     1
       Short sword       |       |     3 |    12 ||    15
       Dagger            |       |       |     8 ||     8
 Cast: Magic Dart        |   103 |    99 |   286 ||   488
       Searing Ray       |       |     7 |    41 ||    48
       Iskenderun's Myst |       |       |     3 ||     3
  Use: Potion            |     1 |       |       ||     1
Armor: Robe              |    27 |    11 |    30 ||    68
       Skin              |       |     1 |       ||     1
Dodge: Dodged            |    60 |    29 |    51 ||   140
Block: Other             |       |       |     6 ||     6
